 Dungeon Crawl Stone Soup version 0.31-a0-237-g2d982f9 (webtiles) character file.

Game seed: 3472241967969257310

16564 Dawnplanks the Stormcaller (level 12, -12/68 HPs)
             Began as a Tengu Air Elementalist on July 9, 2023.
             Was a Priest of Vehumet.
             Mangled by an earth elemental (23 damage)
             ... in a volcano on July 11, 2023.
             The game lasted 00:53:54 (16534 turns).

Dawnplanks the Stormcaller (TeAE)                  Turns: 16534, Time: 00:53:54

Health: -12/68     AC:  7    Str: 10    XL:     12   Next: 38%
Magic:  3/28       EV: 29    Int: 23    God:    Vehumet [***...]
Gold:   1419       SH:  0    Dex: 18    Spells: 24/34 levels left

rFire   + + .        D - +4 long sword
rCold   . . .        (no shield)
rNeg    . . .        x - +2 robe {rF+}
rPois   .            (helmet restricted)
rElec   .            a - +2 cloak
rCorr   .            (no gloves)
SInv    .            (boots unavailable)
Will    .....        o - amulet of the Invisible Hand {Regen+ Int+4 Dex+3}
Stlth   ++           N - ring of protection from fire
HPRegen 1.11/turn    h - ring of the Hare {EV+10}
MPRegen 0.21/turn

%: no passive effects
@: mighty, flying quickly and evasively, quick
A: beak, talons 3, nimble flight
a: Renounce Religion


You were in a volcano.
You worshipped Vehumet.
Vehumet was most pleased with you.
You visited 3 branches of the dungeon, and saw 13 of its levels.
You also visited: Bailey and Volcano.

You collected 1419 gold pieces.

Inventory:

Hand Weapons
 v - a +0 dagger of venom
 y - a +1 whip of venom
 D - a +4 long sword (weapon)
Missiles
 F - 11 datura-tipped darts
 G - 6 curare-tipped darts
 P - a throwing net
Armour
 a - a +2 cloak (worn)
 x - a +2 robe of fire resistance (worn)
 E - a +2 leather armour of cold resistance
 H - +0 steam dragon scales
 L - +0 acid dragon scales
Jewellery
 h - the ring of the Hare (right hand) {EV+10}
   (You found it on level 8 of the Dungeon)

   [ring of evasion]

   EV:        It affects your evasion (+10).
 o - the amulet of the Invisible Hand (around neck) {Regen+ Int+4 Dex+3}
   (You found it on level 3 of the Dungeon)

   [amulet of regeneration]

   Int:       It affects your intelligence (+4).
   Dex:       It affects your dexterity (+3).
   Regen:     It increases your rate of health regeneration.
 u - an amulet of magic regeneration
 C - a +6 ring of dexterity
 K - a +6 ring of intelligence
 N - a ring of protection from fire (left hand)
Wands
 k - a wand of roots (26)
 s - a wand of digging (5)
 I - a wand of polymorph (2)
 O - a wand of quicksilver (4)
 Q - a wand of charming (4)
 T - a wand of mindburst (9)
Scrolls
 e - a scroll of silence {unknown}
 f - 6 scrolls of teleportation
 g - 3 scrolls of blinking {unknown}
 j - 4 scrolls of amnesia {unknown}
 m - 6 scrolls of noise {unknown}
 n - 4 scrolls of enchant armour {unknown}
 t - a scroll of poison {unknown}
 A - 6 scrolls of fear
 B - a scroll of enchant weapon {unknown}
 J - a scroll of acquirement {unknown}
 R - a scroll of revelation {unknown}
Potions
 b - a potion of magic
 c - 3 potions of heal wounds {unknown}
 d - 2 potions of curing
 i - 2 potions of haste
 p - 3 potions of attraction
 q - 3 potions of enlightenment
 r - 2 potions of resistance
 w - 5 potions of brilliance
 z - a potion of cancellation {unknown}
 M - a potion of berserk rage {unknown}
 S - a potion of degeneration {unknown}


   Skills:
 * Level 5.4 Fighting
 * Level 6.9 Dodging
 - Level 2.0 Stealth
 + Level 11.7 Spellcasting
 + Level 7.9 Conjurations
 + Level 15.7 Air Magic


You had 24 spell levels left.
You knew the following spells:

 Your Spells              Type           Power      Damage    Failure   Level
a - Shock                 Conj/Air       100%       1d9       1%          1
b - Static Discharge      Conj/Air       100%       2-7/arc   1%          2
c - Swiftness             Air            72%        N/A       1%          3
d - Airstrike             Air            36%        2d(6-22)  1%          4

Your spell library contained the following spells:

 Spells                   Type           Power      Damage    Failure   Level
 Iskenderun's Mystic Bla  Conj/Tloc      31%        2d8       2%          4
 Kiss of Death            Conj/Necr      100%       2d13      1%          1
 Inner Flame              Hex/Fire       13%        N/A       4%          3
 Sublimation of Blood     Necr           13%        N/A       7%          2
 Irradiate                Conj/Tmut      15%        3d16      7%          5
 Yara's Violent Unravell  Hex/Tmut       6%         3d5       32%         5
 Petrify                  Tmut/Erth      13%        N/A       43%         4
 Enfeeble                 Hex            6%         N/A       100%        7
 Necromutation            Tmut/Necr      6%         N/A       100%        8


Dungeon Overview and Level Annotations

Branches:
Dungeon (11/15)            Temple (1/1) D:6            Lair (1/5) D:9
 Bailey (visited)         Volcano (1/1)
    Orc: D:9-12

Altars:
Ashenzari
Cheibriados
Dithmenos
Elyvilon
Fedhas
Gozag
Hepliaklqana
Kikubaaqudgha
Makhleb
Nemelex Xobeh
Okawaru
Qazlal
Ru
Sif Muna
Trog
Uskayaw
Vehumet
Wu Jian
Xom
Yredelemnul
Zin
The Shining One
Lugonu

Annotations:
D:3 1 runed translucent door, Dawnplanks's ghost, amateur TeAE


Innate Abilities, Weirdness & Mutations

You have a beak for a mouth.
You have claws for feet.
Your magical nature lets you fly swiftly and evasively.


Message History

You claw the molten gargoyle, but do no damage.
You peck the molten gargoyle.
The molten gargoyle is almost destroyed.
The molten gargoyle blasts magma at you!
The bolt of magma misses you. The earth elemental misses you.
You barely miss the molten gargoyle.
You claw the molten gargoyle, but do no damage.
You peck the molten gargoyle, but do no damage.
The molten gargoyle is almost destroyed.
The molten gargoyle completely misses you.
The earth elemental closely misses you.
The molten gargoyle blasts magma at you!
The bolt of magma hits you! You partially resist.
Aiming: Mindburst
Press: ? - help, Shift-Dir - straight line, f/p - molten gargoyle
Aim: a molten gargoyle, wielding a +0 flail (almost destroyed, chance to affect: 29%)
The molten gargoyle easily resists.
The molten gargoyle completely misses you.
The earth elemental hits you!!
* * * LOW HITPOINT WARNING * * *
You feel better. The molten gargoyle barely misses you.
You feel very mighty all of a sudden. The earth elemental hits you!
* * * LOW HITPOINT WARNING * * *
The molten gargoyle blasts magma at you!
The bolt of magma misses you.
You feel better.
The molten gargoyle blasts magma at you!
The bolt of magma misses you.
You barely miss the molten gargoyle.
You peck the molten gargoyle, but do no damage.
The molten gargoyle is almost destroyed.
The earth elemental completely misses you.
The molten gargoyle blasts magma at you!
The bolt of magma hits you! You partially resist.
* * * LOW HITPOINT WARNING * * *
You feel better.
The molten gargoyle completely misses you.
The earth elemental hits you!!
You die...

#°°≈≈≈≈≈# ..
##☼°≈≈≈###9
#○☼.≈≈##.
###'###'##
##..###..###
##..........#
#...∩...∩...#
##.....≈9E..#
#≈☼.≈≈≈@☼☼##
##☼☼≈≈≈≈☼##
#########


You could see an earth elemental and a molten gargoyle.

Vanquished Creatures
  A death knight (D:8)
  3 two-headed ogres (D:10)
  A centaur warrior (D:8)
  A deep elf pyromancer (D:8)
  An ugly thing (D:8)
  A cane toad (Lair:1)
  A gargoyle (D:11)
  A komodo dragon (D:11)
  2 efreet (Volcano)
  3 trolls
  A hornet (D:7)
  5 slime creatures
  Sigmund (D:5)
  A shadow (D:10)
  A basilisk (Lair:1)
  12 yaks
  A vampire (D:8)
  2 fire elementals (Volcano)
  4 vampire mosquitoes
  A steam dragon (D:7)
  2 acid dragons
  2 hell hounds (Lair:1)
  4 water moccasins
  10 orc warriors
  2 sky beasts
  5 black bears
  2 ice beasts
  2 ogres (D:5)
  3 centaurs
  A phantom (D:5)
  10 kobold brigands
  3 bullfrogs
  A gnoll sergeant (D:5)
  6 scorpions
  3 wights (D:7)
  A water moccasin zombie (D:5)
  14 killer bees (D:9)
  6 howler monkeys
  2 bullfrog zombies (D:5)
  2 orc priests (D:7)
  4 hounds
  10 jellies
  A gnoll bouda (D:5)
  Natasha (thrice) (D:4)
  4 iguanas
  2 orc wizards
  A scorpion zombie (D:5)
  5 hell rats (Lair:1)
  A hound zombie (D:5)
  A howler monkey zombie (D:5)
  9 gnolls (D:5)
  7 adders
  A shadow imp (D:8)
  2 white imps
  2 ufetubi
  A worm (D:4)
  A dart slug (D:2)
  19 orcs
  21 endoplasms
  A giant cockroach (D:3)
  3 goblins
  5 hobgoblins
  4 jackals (D:4)
  5 quokkas
  7 ball pythons
  5 bats
  6 frilled lizards
  37 kobolds
  6 rats
  A fire vortex (Volcano)
300 creatures vanquished.

Notes
Turn   | Place    | Note
-------+----------+-------------------------------------------
     0 | D:1      | Dawnplanks the Tengu Air Elementalist began the quest for
                  | the Orb.
     0 | D:1      | Reached XP level 1. HP: 10/10 MP: 4/4
   336 | D:1      | Reached XP level 2. HP: 8/15 MP: 0/6
   690 | D:1      | Learned a level 2 spell: Static Discharge
  1048 | D:1      | Reached XP level 3. HP: 19/19 MP: 3/7
  1545 | D:2      | Reached skill level 5 in Air Magic
  1653 | D:2      | Learned a level 3 spell: Swiftness
  1772 | D:2      | Found a faded altar of an unknown god.
  2677 | D:3      | Identified the amulet of the Invisible Hand {Regen+ Int+4
                  | Dex+3}
  2728 | D:3      | Found a runed translucent door.
  2731 | D:3      | Noticed Dawnplanks's ghost (amateur TeAE)
  2752 | D:3      | Reached XP level 4. HP: 24/24 MP: 4/9
  3633 | D:4      | Noticed Natasha
  3641 | D:4      | Killed Natasha
  3642 | D:4      | Gained mutation: Your magical nature lets you fly swiftly
                  | and evasively. [Tengu growth]
  3642 | D:4      | Reached XP level 5. HP: 16/28 MP: 3/10
  3723 | D:4      | Learned a level 4 spell: Airstrike
  4013 | D:4      | Reached skill level 6 in Air Magic
  4039 | D:4      | Reached XP level 6. HP: 32/32 MP: 7/12
  4597 | D:5      | Entered Level 5 of the Dungeon
  4622 | D:5      | Found a basalt altar of Yredelemnul.
  4932 | D:5      | Noticed Sigmund
  5013 | D:4      | Noticed Natasha
  5016 | D:4      | Killed Natasha
  5017 | D:4      | Reached XP level 7. HP: 37/37 MP: 6/14
  5123 | D:4      | Noticed Natasha
  5129 | D:4      | Killed Natasha
  5222 | D:5      | Reached skill level 7 in Air Magic
  5401 | D:5      | Reached skill level 5 in Spellcasting
  5511 | D:5      | Reached skill level 5 in Conjurations
  5632 | D:5      | Killed Sigmund
  5633 | D:5      | Reached skill level 8 in Air Magic
  5633 | D:5      | Reached XP level 8. HP: 42/42 MP: 7/17
  6329 | D:5      | Reached skill level 9 in Air Magic
  6765 | D:5      | Found a burning altar of Makhleb.
  7212 | D:6      | Reached XP level 9. HP: 43/46 MP: 7/20
  7358 | D:6      | Reached skill level 10 in Air Magic
  8029 | D:6      | Found a staircase to the Ecumenical Temple.
  8038 | Temple   | Entered the Ecumenical Temple
  8083 | Temple   | Became a worshipper of Vehumet
  8536 | D:7      | Got Ineoq's Handbook of Curses and Unholy Rituals
  8784 | D:7      | Reached skill level 1 in Fighting
  8830 | D:7      | Found a shimmering altar of Xom.
  8858 | D:7      | Reached skill level 11 in Air Magic
  8893 | D:7      | Noticed a hornet
  8898 | D:7      | Killed a hornet
  8901 | D:7      | Found a flagged portal.
  8908 | Bailey   | Entered a bailey
  9209 | Bailey   | Reached XP level 10. HP: 49/54 MP: 1/23
  9547 | Bailey   | Found a burning altar of Makhleb.
  9621 | D:7      | Reached * piety under Vehumet
  9621 | D:7      | Offered knowledge of Foxfire by Vehumet.
  9990 | D:7      | Reached skill level 12 in Air Magic
 10271 | D:7      | Reached skill level 5 in Dodging
 11579 | D:8      | Reached ** piety under Vehumet
 11729 | D:8      | Noticed a death knight
 11771 | D:8      | Killed a death knight
 12048 | D:8      | Noticed a purple ugly thing
 12072 | D:8      | Killed a purple ugly thing
 12073 | D:8      | Reached skill level 13 in Air Magic
 12073 | D:8      | Reached XP level 11. HP: 27/61 MP: 16/25
 12131 | D:8      | Noticed a centaur warrior
 12137 | D:8      | Killed a centaur warrior
 12138 | D:8      | Reached skill level 10 in Spellcasting
 12190 | D:8      | Found the ring of the Hare {EV+10}
 12190 | D:8      | Noticed a deep elf pyromancer
 12197 | D:8      | Killed a deep elf pyromancer
 12313 | D:8      | Noticed a cyclops
 12354 | D:9      | Offered knowledge of Momentum Strike by Vehumet.
 12967 | D:9      | Reached skill level 14 in Air Magic
 13661 | D:9      | Found a staircase to the Lair.
 14089 | D:10     | Entered Level 10 of the Dungeon
 14101 | D:10     | Found a snail-covered altar of Cheibriados.
 14103 | D:10     | Found a white marble altar of Elyvilon.
 14106 | D:10     | Found a broken altar of Ashenzari.
 14107 | D:10     | Found a hazy altar of Hepliaklqana.
 14107 | D:10     | Found a shadowy altar of Dithmenos.
 14107 | D:10     | Found a glowing silver altar of Zin.
 14108 | D:10     | Found an opulent altar of Gozag.
 14109 | D:10     | Found a blossoming altar of Fedhas.
 14110 | D:10     | Found a shimmering blue altar of Sif Muna.
 14111 | D:10     | Found an ornate altar of the Wu Jian Council.
 14112 | D:10     | Found an iron altar of Okawaru.
 14247 | D:10     | Noticed a two-headed ogre
 14280 | D:10     | Killed a two-headed ogre
 14482 | D:10     | Offered knowledge of Poisonous Vapours by Vehumet.
 14656 | D:10     | Reached *** piety under Vehumet
 14671 | D:10     | Noticed a two-headed ogre
 14684 | D:10     | Killed a two-headed ogre
 14923 | D:10     | Found a stormy altar of Qazlal.
 15136 | D:11     | Reached skill level 15 in Air Magic
 15206 | D:11     | Reached XP level 12. HP: 58/67 MP: 17/28
 15216 | D:11     | Reached skill level 5 in Fighting
 15347 | D:11     | Noticed a two-headed ogre
 15461 | D:10     | Killed a two-headed ogre
 15633 | D:11     | Offered knowledge of Iskenderun's Mystic Blast by Vehumet.
 15750 | D:10     | Upgraded the game from 0.31-a0-233-g139696d to
                  | 0.31-a0-237-g2d982f9
 15751 | D:11     | Noticed a tengu warrior
 15751 | D:11     | Noticed a centaur warrior
 15756 | D:11     | Noticed a centaur warrior
 15856 | Lair:1   | Entered Level 1 of the Lair of Beasts
 16164 | Lair:1   | Found a dark tunnel.
 16269 | Volcano  | Entered a volcano
 16534 | Volcano  | Mangled by an earth elemental

Illustrated notes

Levels and vault maps discovered:
D:1:      giann_bridges, layout_loops_corners
D:2:      layout_loops_corners, shapermc_ecumenical_altar_mp_vishouse
D:3:      layout_loops_corners, ebering_ghost_sewer_d
D:4:      cheibrodos_fertilizer, layout_basic, uniq_natasha
D:5:      cheibrodos_helix_gallery, layout_basic, kennysheep_mini_moat,
          nicolae_yredelemnul_corpse_copse, uniq_sigmund
D:6:      layout_gridville, lemuel_temple_firewalk_a
D:7:      layout_loops_ring, mainiacjoe_overflow_small_starburst, enter_bailey_2
D:8:      lemuel_slime, layout_gridville, minmay_evil_grid
D:9:      layout_long_grid, grunt_lair_entry_orc_guard_hut, kennysheep_doodads
D:10:     layout_long_grid, minitemple, grunt_qazlal_clouds,
          grunt_ministairs_14, minmay_misc_feat_five
D:11:     minmay_bloctagon, layout_rooms, hiddenorc1_lemuel
Temple:   corrupted_temple
Lair:1:   layout_chaotic_city, enter_volcano_3, serial_bayou_shore_b,
          lemuel_fruit_tree, grunt_megastairs_1
Volcano:  volcano_aerie

Skill      XL: |  1  2  3  4  5  6  7  8  9 10 11 12 |
---------------+-------------------------------------+-----
Air Magic      | 5 6 8 9 11 13 15 | 15.7
Conjurations   | 2 3 4 5 6 7 |  7.9
Spellcasting   | 3 4 5 6 8 9 11 | 11.7
Dodging        | 3 4 5 6 |  6.9
Fighting       | 2 4 5 |  5.4
Stealth        | |  2.0

Action                     |  1- 3 |  4- 6 |  7- 9 | 10-12 || total
---------------------------+-------+-------+-------+-------++-------
  Melee: Unarmed           |     6 |       |       |       ||     6
         Kick              |     1 |       |     6 |     9 ||    16
         Peck              |     1 |       |     5 |     6 ||    12
         Dagger            |       |       |     4 |       ||     4
         Whip              |       |       |     8 |       ||     8
         Long sword        |       |       |     6 |    26 ||    32
   Cast: Shock             |    82 |   119 |   130 |   160 ||   491
         Static Discharge  |       |     2 |    24 |    35 ||    61
         Airstrike         |       |     7 |    52 |   176 ||   235
  Evoke: Wand              |       |       |       |     4 ||     4
    Use: Scroll            |       |       |     3 |     9 ||    12
         Potion            |       |       |       |     7 ||     7
 Armour: Robe              |     4 |     2 |    15 |    10 ||    31
         Skin              |       |       |       |    11 ||    11
  Dodge: Dodged            |     9 |    30 |    72 |   152 ||   263

Table legend: (Time is in decaauts)
 A = Elapsed time spent in this place.
 B = Non-inter-level travel time spent in this place.
 C = Inter-level travel time spent in this place.
 D = Time resting spent in this place.
 E = Time spent auto-exploring this place.
 F = Levels seen in this place.
 G = Mean time per level.
                   A        B        C        D        E       F      G
               +--------+--------+--------+--------+--------+-----+--------+
         Total |  15940 |  14732 |   1208 |   1689 |  11068 |  15 | 1062.7 |
       Dungeon |  14538 |  13446 |   1092 |   1059 |  10674 |  11 | 1321.6 |
        Temple |     57 |     34 |     23 |      0 |     24 |   1 |   57.0 |
          Lair |    396 |    304 |     92 |    219 |     39 |   1 |  396.0 |
        Bailey |    681 |    681 |      0 |    411 |    124 |   1 |  681.0 |
       Volcano |    266 |    266 |      0 |      0 |    206 |   1 |  266.0 |
               +--------+--------+--------+--------+--------+-----+--------+

Top non-repeatable levels by time:
     D:8: 1991 daAuts
     D:5: 1887 daAuts
     D:4: 1538 daAuts
     D:9: 1409 daAuts
     D:6: 1359 daAuts
    D:10: 1247 daAuts
     D:7: 1195 daAuts
     D:3: 1192 daAuts
     D:1: 1183 daAuts
     D:2: 1154 daAuts
  Bailey: 681 daAuts
  Lair:1: 396 daAuts
    D:11: 380 daAuts
 Volcano: 266 daAuts
  Temple: 57 daAuts
